 Dungeon Crawl Stone Soup version 0.30-a0-737-gf23d94013f (webtiles) character file.

Game seed: 8868349385567258896

2978901 krgfvk the Axe Maniac (level 27, 409/409 HPs)
             Began as a Minotaur Fighter on Jan 31, 2023.
             Was the Champion of Okawaru.
             Escaped with the Orb
             ... and 5 runes on Feb 2, 2023!
             The game lasted 02:56:50 (79921 turns).

krgfvk the Axe Maniac (Minotaur Fighter)           Turns: 79921, Time: 02:56:50

Health: 409/409    AC: 56    Str: 35    XL:     27
Magic:  10/39      EV: 18    Int:  7    God:    Okawaru [******]
Gold:   7261       SH: 27    Dex: 12    Spells: 52/52 levels left

rFire   + + .      SeeInvis .    X - +8 mithril axe "Arga" {speed, Will+}
rCold   . . .      Faith    .    J - +5 kite shield {rN+}
rNeg    + + .      Spirit   .    S - +11 crystal plate armour of Gravity {rPois Stlth+}
rPois   +          Reflect  +    (helmet restricted)
rElec   +          Harm     .    h - +3 cloak "Yfuilopt" {rN+}
rCorr   +          Rampage  .    b - +3 Mad Mage's Maulers {Infuse+∞ VampMP -Cast}
Will    +++++      Rnd*Tele +    L - +2 pair of boots "Woegue" {rF+} Stlth NoCast +
                                 a - amulet "Luism" {Reflect Will+ Regen+ Str+2 SH+5}
HPRegen 1.68/turn                B - +4 ring of slaying
MPRegen 0.26/turn                W - ring of Gumil {Fly rF+ rCorr Int+4}

@: mighty, brilliant, berserking, flying, hasted, studying 3 skills, invisible,
very quick
A: horns 2, retaliatory headbutt, talons 1, dopey 1, strong-willed 2,
electricity resistance, teleportitis 1, wild magic 1, inability to read after
injury 2, MP-powered wands
0: Orb of Zot
}: 5/15 runes: barnacled, slimy, silver, abyssal, gossamer
a: Renounce Religion, Heroism, Finesse, Duel


You escaped.
You worshipped Okawaru.
Okawaru was exalted by your worship.
You visited 12 branches of the dungeon, and saw 56 of its levels.
You visited the Abyss 1 time.
You visited 1 bazaar.
You visited 1 ziggurat, and saw 12 of its levels.
You also visited: Trove, Sewer, Ice Cave, Volcano and Desolation.

You collected 12206 gold pieces.
You spent 4945 gold pieces at shops.

Inventory:

Hand Weapons
 p - a +6 broad axe of electrocution
 r - a +8 heavy broad axe
 s - a +9 broad axe of flaming
 X - the +8 mithril axe "Arga" (weapon) {speed, Will+}
   (You found it in the Desolation of Salt)

   Will:      It increases your willpower.
Armour
 b - the +3 Mad Mage's Maulers (worn) {Infuse+∞ VampMP -Cast}
   (You found it on level 3 of the Elven Halls)

   Infuse+∞: It empowers its wearer's blows with all of their magic.
   VampMP:    Blows struck in melee replenish the wearer's magic.
   -Cast:     It prevents spellcasting.
 h - the +3 cloak "Yfuilopt" (worn) {rN+}
   (You acquired it on level 8 of the Dungeon)

   rN:        It protects you from negative energy.
 i - the +3 pair of mountain boots {steadfast, rC+}
   (Okawaru gifted it to you on level 5 of the Realm of Zot)

   Steadfast: It prevents involuntary movement, except for blinking,
   teleportation, or banishment.
   rC:        It protects you from cold.
 F - the +10 plate armour of Calculation {rElec Int+2 Dex+2}
   (Okawaru gifted it to you on level 3 of the Elven Halls)

   Int:       It affects your intelligence (+2).
   Dex:       It affects your dexterity (+2).
   rElec:     It insulates you from electricity.
 J - a +5 kite shield of positive energy (worn)
 L - the +2 pair of boots "Woegue" (worn) {rF+}
   (Okawaru gifted it to you on level 1 of the Crypt)

   rF:        It protects you from fire.
 N - the +0 pair of boots of the Countless Teeth {Dex+2 Slay+2}
   (Okawaru gifted it to you on level 2 of the Shoals)

   Dex:       It affects your dexterity (+2).
   Slay:      It affects your accuracy & damage with ranged weapons and melee
   (+2).
 S - the +11 crystal plate armour of Gravity (worn) {rPois Stlth+}
   (Okawaru gifted it to you on level 2 of the Orcish Mines)

   rPois:     It protects you from poison.
   Stlth:     It makes you more stealthy.
Jewellery
 a - the amulet "Luism" (around neck) {Reflect Will+ Regen+ Str+2 SH+5}
   (You found it on level 3 of the Realm of Zot)

   [amulet of reflection]

   It reflects blocked missile attacks.
   Str:       It affects your strength (+2).
   Regen:     It increases your rate of health regeneration.
   SH:        It affects your SH (+5).
   Will:      It increases your willpower.
 e - the ring "Magomoa" {Fly Will++}
   (You took it off a centaur warrior on level 2 of the Shoals)

   [ring of flight]

   Fly:       It grants you flight.
   Will:      It greatly increases your willpower.
 B - a +4 ring of slaying (left hand)
 G - a +4 ring of slaying
 I - the ring of the Invisible Ships {AC+4 Int+2}
   (You found it on level 5 of the Vaults)

   [ring of protection]

   AC:        It affects your AC (+4).
   Int:       It affects your intelligence (+2).
 R - the amulet "Itoro" {RegenMP rF++ Str-3 Int+6}
   (You found it in an ice cave)

   [amulet of magic regeneration]

   It increases your rate of magic regeneration.
   Str:       It affects your strength (-3).
   Int:       It affects your intelligence (+6).
   rF:        It greatly protects you from fire.
 U - a ring of see invisible
 V - the ring "Doschyruo" {*Corrode *Slow rPois rF+++ rC+}
   (You found it on level 3 of the Crypt)

   [ring of poison resistance]

   rF:        It renders you almost immune to fire.
   rC:        It protects you from cold.
   rPois:     It protects you from poison.
   *Corrode:  It may corrode you when you take damage.
   *Slow:     It may slow you when you take damage.
 W - the ring of Gumil (right hand) {Fly rF+ rCorr Int+4}
   (You bought it in a shop on level 1 of the Depths)

   [ring of resist corrosion]

   Int:       It affects your intelligence (+4).
   rF:        It protects you from fire.
   Fly:       It grants you flight.
   rCorr:     It protects you from acid and corrosion.
 Z - the ring "Lunifoah" {rC+ AC+4}
   (You found it on level 2 of the Elven Halls)

   [ring of protection]

   AC:        It affects your AC (+4).
   rC:        It protects you from cold.
Wands
 u - a wand of acid (16)
 E - a wand of digging (17)
Scrolls
 c - 3 scrolls of enchant armour
 f - 9 scrolls of magic mapping
 g - 10 scrolls of fog
 k - 29 scrolls of teleportation
 m - 9 scrolls of vulnerability
 q - 7 scrolls of immolation
 y - a scroll of silence
 C - 17 scrolls of fear
 K - 6 scrolls of brand weapon
 Q - 7 scrolls of blinking
Potions
 d - 18 potions of might
 l - 37 potions of curing
 n - 7 potions of heal wounds
 o - 4 potions of invisibility
 t - 8 potions of attraction
 v - 6 potions of brilliance
 w - a potion of magic
 x - 9 potions of cancellation
 z - 7 potions of haste
 A - 7 potions of flight
 O - 8 potions of ambrosia
 T - 3 potions of berserk rage
Miscellaneous
 M - a condenser vane


   Skills:
 O Level 27 Fighting
 O Level 27 Axes
 O Level 27 Armour
 O Level 27 Dodging
 O Level 27 Shields
 + Level 13.4 Spellcasting
 - Level 6.0 Invocations


You had 52 spell levels left.
You didn't know any spells.
Your spell library contained the following spells:

 Spells                   Type           Power      Damage    Failure   Level
 Apportation              Tloc           18%        N/A       54%         1
 Beastly Appendage        Tmut           18%        N/A       54%         1
 Foxfire                  Conj/Fire      36%        2x1d5     54%         1
 Freeze                   Ice            36%        1d5       54%         1
 Magic Dart               Conj           36%        1d4       54%         1
 Necrotise                Necr           36%        1d5       54%         1
 Sandblast                Erth           18%        2d7       54%         1
 Shock                    Conj/Air       36%        1d5       54%         1
 Slow                     Hex            36%        N/A       54%         1
 Sting                    Tmut/Pois      36%        1d4       54%         1
 Blink                    Tloc           18%        N/A       67%         2
 Cigotuvi's Dreadful Rot  Necr/Pois/Air  18%        N/A       67%         2
 Ensorcelled Hibernation  Hex/Ice        18%        N/A       67%         2
 Lesser Beckoning         Tloc           18%        N/A       67%         2
 Momentum Strike          Conj/Tloc      18%        3d8       67%         2
 Passwall                 Tmut/Erth      7%         N/A       67%         2
 Poisonous Vapours        Pois/Air       18%        N/A       67%         2
 Searing Ray              Conj           18%        2d5       67%         2
 Static Discharge         Conj/Air       18%        2-3/arc   67%         2
 Sublimation of Blood     Necr           9%         N/A       67%         2
 Wereblood                Tmut           9%         N/A       67%         2
 Confusing Touch          Hex            9%         N/A       88%         3
 Frozen Ramparts          Ice            18%        1d3       88%         3
 Gell's Gravitas          Tloc           9%         N/A       88%         3
 Hailstorm                Conj/Ice       9%         3d4       88%         3
 Ignite Poison            Fire/Tmut/Pois 9%         N/A       88%         3
 Inner Flame              Hex/Fire       9%         N/A       88%         3
 Kindle Blastsparks       Fire/Tloc/Air  18%        2d11      88%         3
 Mephitic Cloud           Conj/Pois/Air  9%         N/A       88%         3
 Ozocubu's Armour         Ice            9%         N/A       88%         3
 Portal Projectile        Hex/Tloc       18%        N/A       88%         3
 Spider Form              Tmut/Pois      9%         N/A       88%         3
 Stone Arrow              Conj/Erth      18%        3d8       88%         3
 Swiftness                Air            9%         N/A       88%         3
 Teleport Other           Tloc           9%         N/A       88%         3
 Vampiric Draining        Necr           9%         2d6       88%         3
 Vhi's Electric Charge    Tloc/Air       18%        N/A       88%         3
 Airstrike                Air            4%         2d(1-17)  99%         4
 Anguish                  Hex/Necr       4%         N/A       99%         4
 Cause Fear               Hex            4%         N/A       99%         4
 Dispel Undead            Necr           9%         3d8       99%         4
 Flame Wave               Conj/Fire      9%         2d6       99%         4
 Fulminant Prism          Conj/Hex       4%         3d5       99%         4
 Ice Form                 Ice/Tmut       9%         N/A       99%         4
 Iskenderun's Mystic Bla  Conj/Tloc      9%         2d4       99%         4
 Leda's Liquefaction      Hex/Erth       4%         N/A       99%         4
 Olgreb's Toxic Radiance  Pois           9%         N/A       99%         4
 Petrify                  Tmut/Erth      9%         N/A       99%         4
 Sticky Flame             Conj/Fire      9%         2d3       99%         4
 Agony                    Necr           9%         N/A       100%        5
 Alistair's Intoxication  Tmut/Pois      6%         N/A       100%        5
 Arcjolt                  Conj/Air       4%         1d14      100%        5
 Blade Hands              Tmut           4%         N/A       100%        5
 Borgnjor's Vile Clutch   Necr/Erth      4%         N/A       100%        5
 Fireball                 Conj/Fire      4%         3d4       100%        5
 Freezing Cloud           Conj/Ice/Air   4%         6-21      100%        5
 Irradiate                Conj/Tmut      4%         3d13      100%        5
 Iskenderun's Battlesphe  Conj           9%         2d6       100%        5
 Lee's Rapid Deconstruct  Erth           4%         3d5*      100%        5
 Lightning Bolt           Conj/Air       4%         1d16      100%        5
 Metabolic Englaciation   Hex/Ice        4%         N/A       100%        5
 Yara's Violent Unravell  Hex/Tmut       4%         3d4       100%        5
 Conjure Ball Lightning   Conj/Air       4%         3x3d6     100%        6
 Dispersal                Tloc           4%         N/A       100%        6
 Eringya's Noxious Bog    Tmut/Pois      4%         N/A       100%        6
 Iron Shot                Conj/Erth      4%         9d2       100%        6
 Starburst                Conj/Fire      4%         6d4       100%        6
 Statue Form              Tmut/Erth      6%         N/A       100%        6
 Dragon Form              Tmut           4%         N/A       100%        7
 Enfeeble                 Hex            4%         N/A       100%        7
 Orb of Destruction       Conj           4%         9d5       100%        7
 Ozocubu's Refrigeration  Ice            4%         4d8       100%        7
 Storm Form               Tmut/Air       4%         N/A       100%        7
 Discord                  Hex            4%         N/A       100%        8
 Disjunction              Tloc           4%         N/A       100%        8
 Ignition                 Fire           4%         3d4       100%        8
 Lehudib's Crystal Spear  Conj/Erth      4%         10d3      100%        8
 Maxwell's Capacitive Co  Air            4%         ∞         100%        8
 Necromutation            Tmut/Necr      4%         N/A       100%        8
 Chain Lightning          Conj/Air       4%         3d6       100%        9
 Polar Vortex             Ice            4%         N/A       100%        9
 Summon Small Mammal      Summ           Unusable   N/A       N/A         1
 Summon Guardian Golem    Hex/Summ       Unusable   N/A       N/A         3
 Tukima's Dance           Hex            Unusable   N/A       N/A         3
 Animate Armour           Summ/Erth      Unusable   N/A       N/A         4
 Summon Ice Beast         Ice/Summ       Unusable   N/A       N/A         4
 Summon Lightning Spire   Summ/Air       Unusable   N/A       N/A         4
 Death Channel            Necr           Unusable   N/A       N/A         6
 Simulacrum               Ice/Necr       Unusable   N/A       N/A         6
 Haunt                    Necr/Summ      Unusable   N/A       N/A         7
 Spellforged Servitor     Conj/Summ      Unusable   N/A       N/A         7
 Summon Hydra             Summ           Unusable   N/A       N/A         7
 Dragon's Call            Summ           Unusable   N/A       N/A         9

Dungeon Overview and Level Annotations

Branches:
Dungeon (15/15)            Temple (1/1) D:7            Lair (5/5) D:9
 Shoals (4/4) Lair:3       Spider (4/4) Lair:2        Slime (5/5) Lair:5
    Orc (2/2) D:12            Elf (3/3) Orc:2        Vaults (5/5) D:14
  Crypt (3/3) Vaults:3       Tomb (0/3) Crypt:3      Depths (4/4) D:15
    Zot (5/5) Depths:4      Sewer (visited)           IceCv (visited)
Volcano (visited)         Desolation (visited)

Altars:
Ashenzari
Cheibriados
Dithmenos
Elyvilon
Fedhas
Gozag
Hepliaklqana
Kikubaaqudgha
Makhleb
Okawaru
Qazlal
Ru
Sif Muna
Trog
Uskayaw
Vehumet
Wu Jian
Xom
Yredelemnul
Zin
The Shining One

Shops:
D:1 ***(   D:4 *   D:8 [   D:14 ((   Orc:2 !(*=   Elf:1 ??   Vaults:1 (
Vaults:4 (   Depths:1 **=:

Portals:
Hell: Depths:1 Depths:2 Depths:3 Depths:4
Abyss: D:4 Depths:2 Depths:3
Pandemonium: Depths:2 Depths:3 Depths:4

Annotations:
D:4 2 transporters, anet's ghost, amateur GnBr
D:7 3 runed translucent doors, Bnni's ghost, novice FoFi
Temple 2 transporters
Elf:2 5 runed translucent doors


Innate Abilities, Weirdness & Mutations

You have a pair of horns on your head.
You reflexively headbutt those who attack you in melee.
You have sharp toenails.
You are dopey. (Int -2)
You are highly strong-willed. (Will++)
You are resistant to electric shocks. (rElec)
You are occasionally teleported next to monsters.
Your spells are a little harder to cast, but a little more powerful.
You sometimes lose the ability to read scrolls when taking damage.
You expend magic power (3 MP) to strengthen your wands.


Message History

You start resting.
A chaos spawn comes into view.
You block the chaos spawn's attack.
You slice the chaos spawn!!
The chaos spawn is almost dead.
You slash the chaos spawn!
You kill the chaos spawn!
Okawaru accepts your kill.
The chaos spawn degenerates into a cloud of primal chaos!
No target in view!
No target in view!
No target in view!
No target in view!
No target in view!
No target in view!
You start resting.
An Ice Fiend comes into view.
The Ice Fiend gestures at you.
The bolt of cold hits you but does no damage.
You block the Ice Fiend's attack. The Ice Fiend barely misses you.
You open the Ice Fiend like a pillowcase!!!
You headbutt the Ice Fiend, but do no damage.
The Ice Fiend is heavily wounded.
You cut the Ice Fiend into ribbons!!!
You kill the Ice Fiend!
Okawaru accepts your kill.
No target in view!
No target in view!
No target in view!
There is a staircase leading out of the dungeon here.
You feel very mighty all of a sudden.
You fade into invisibility!
You feel clever all of a sudden.
You feel yourself speed up.
You feel more buoyant.
A red film seems to cover your vision as you go berserk!
You feel yourself moving faster!
You feel mighty!
You can't go down here!
You feel a strong urge to attack something.
You have escaped!

##.##.##.##### ##.# #.
###...#.####...#########..# ##.
#........##.......##......# #..
#.#...#..#.........######.####.#
#.##.##.##..##.....# #.....†..
#.##....#..####...######.###.##.
#.##.##.#..# ##...##.....# #.##.
##.##.##.#.##
#...#######.###.##.
.........#..###.@.# #.....##.
##.##.####..##....# ########.
#.##.# ##..#...## #.
#....#####.....## #.
####......#....## #.
#......).###...## #. #.######.#
#.#..## #. #.# #.# #.##).# #.
#.######.# #..##.# #.


There were no monsters in sight!

Vanquished Creatures
  the Royal Jelly (Slime:5)
  Dissolution (Slime:4)
  5 orbs of fire (Zot:5)
  3 dread liches (Zot:5)
  4 ancient liches
  Mara (Elf:3)
  3 juggernauts
  Boris (Depths:2)
  Sojobo (Vaults:2)
  Parghit (Zot:1)
  Vv (Zot:1)
  3 curse toes
  9 Killer Klowns
  Margery (Crypt:2)
  2 caustic shrikes
  10 golden dragons
  The ghost of MrShunz the Slayer, an adept MiBe of Trog (Elf:2)
  7 bone dragons
  A golden dragon (shapeshifter) (Depths:3)
  Nikola (Spider:2)
  2 profane servitors (Abyss:4)
  3 pandemonium lords
  Arachne (Spider:3)
  A Tzitzimitl (D:1)
  5 electric golems
  2 Brimstone Fiends
  Jorgrun (Spider:1)
  18 tentacled monstrosities
  An iron giant (Zig:9)
  29 Orb Guardians
  2 Hell Sentinels
  4 Ice Fiends
  9 liches
  The ghost of Citaku the Impregnable, an adept MiFi of Gozag (Elf:2)
  The ghost of haldagan the Tortoise, an adept TeHu of Cheibriados (Elf:3)
  2 deep elf master archers (Elf:3)
  6 titans
  7 quicksilver dragons
  23 acid blobs
  3 deep elf blademasters (Elf:3)
  9 tentacled starspawn
  8 ancient champions
  2 krakens
  6 sphinxes
  4 death cobs
  9 tengu reavers
  Kirke (Shoals:1)
  11 shadow dragons
  10 storm dragons
  8 draconian monks
  Ilsuiw (Shoals:3)
  2 daevas (Depths:2)
  6 rockslimes
  The ghost of Hemirghao the Imperceptible, an adept SpEn of Zin (Shoals:2)
  8 azure jellies
  4 draconian scorchers
  6 revenants
  13 deep elf sorcerers
  4 frost giants
  6 draconian shifters
  9 ghost moths
  8 fire giants
  A ghost moth (shapeshifter) (Depths:3)
  8 emperor scorpions
  Louise (Spider:2)
  3 draconian knights
  The ghost of Opifex the Severer, a journeyman DsFi of Cheibriados (Elf:2)
  A quicksilver elemental (Zig:9)
  4 curse skulls
  A balrug (D:4)
  2 imperial myrmidons (Desolation)
  6 deep elf elementalists
  4 orc warlords
  10 ghouls
  13 vault wardens
  A caustic shrike zombie (Crypt:3)
  2 cacodemons
  6 draconian stormcallers
  2 angels (Depths:2)
  20 stone giants
  A caustic shrike skeleton (Depths:2)
  2 broodmothers (Spider:4)
  9 quicksilver oozes
  5 draconian annihilators
  2 war gargoyles
  18 ironbound preservers
  3 spriggan defenders
  22 very ugly things
  4 reapers
  5 green draconians
  10 ironbound thunderhulks
  2 juggernaut skeletons
  10 deep elf demonologists
  19 black draconians
  An eleionoma (Zig:10)
  2 halazid warlocks (Desolation)
  14 vampire knights
  A demonspawn black sun (Zig:3)
  10 dire elephants
  9 red draconians
  A lorocyproca (Abyss:4)
  6 purple draconians
  7 yellow draconians
  8 deep elf annihilators
  2 spectral titans (Crypt:3)
  2 spark wasps
  5 white draconians
  Snorg (Orc:2)
  12 ettins
  10 eidola
  3 merfolk javelineers
  12 fire dragons
  14 jiangshi
  10 yaktaur captains
  9 deep elf death magi
  Josephine (D:11)
  8 deep elf high priests
  3 spectral quicksilver dragons (Crypt:3)
  4 entropy weavers
  A quicksilver dragon zombie (Depths:2)
  6 merfolk impalers
  17 great orbs of eyes
  5 iron golems (Zig:9)
  A mummy priest (Crypt:3)
  A shambling mangrove (Zig:10)
  Harold (Orc:1)
  A spectral spriggan (Crypt:3)
  6 ragged hierophants (Desolation)
  3 crystal guardians
  A spectral iron giant (Crypt:3)
  32 vault guards
  A caustic shrike simulacrum (Crypt:3)
  4 rakshasas
  8 ice dragons
  4 catoblepae
  2 radroaches
  4 spriggan air magi
  An ogre mage (Vaults:5)
  16 ironbound frosthearts
  7 hydras
  6 servants of whispers (Desolation)
  A jorogumo (Spider:4)
  28 centaur warriors
  A ghost crab (Zig:10)
  4 spriggan skeletons
  10 peacekeepers
  An alligator snapping turtle (Shoals:2)
  4 merfolk avatars
  2 death knights
  20 dancing weapons
  6 satyrs
  9 boulder beetles
  3 merfolk aquamancers
  9 two-headed ogres
  Erica (D:11)
  4 deep troll shamans
  6 tengu warriors
  14 vampire magi
  Urug (Lair:1)
  A quicksilver ooze zombie (Crypt:2)
  16 thrashing horrors
  6 orc high priests
  4 hell hogs (Depths:1)
  3 spectral storm dragons (Crypt:3)
  Sonja (D:12)
  A titan zombie (Depths:2)
  4 deep troll earth magi
  18 hell knights
  22 deep elf knights
  7 spriggans
  2 spriggan berserkers (Depths:4)
  8 soul eaters
  4 sun demons
  6 shock serpents (Zot:4)
  8 pharaoh ants
  7 sixfirhies
  7 wretched stars
  A crystal echidna (Zig:9)
  26 skeletal warriors
  A spatial maelstrom (Abyss:4)
  3 iron trolls (Depths:1)
  2 sun moths
  A spectral bunyip (Crypt:3)
  A deep troll (shapeshifter) (D:15)
  5 shadow wraiths
  A golden dragon zombie (Depths:2)
  An anaconda zombie (Crypt:1)
  25 sea snakes
  44 deep trolls
  A death drake (Zig:10)
  9 orb spiders
  3 bog bodies
  15 deep elf archers
  2 swamp dragons (Zig:10)
  An obsidian statue (Vaults:2)
  3 glowing orange brains
  A shadow demon (Depths:3)
  A tengu zombie (Depths:2)
  16 flayed ghosts
  113 slime creatures
  12 wizards
  10 phantasmal warriors
  2 golden dragon skeletons (Depths:2)
  33 harpies
  19 ironbound convokers
  11 lindwurms
  25 wolf spiders
  35 deep elf pyromancers
  6 necromancers
  5 steelbarb worms
  35 deep elf zephyrmancers
  2 spectral ettins (Crypt:3)
  6 orc sorcerers
  14 orc knights
  A shining eye (shapeshifter) (Vaults:5)
  2 oklob plants (Shoals:1)
  2 sphinx skeletons
  13 cyclopes
  25 ugly things
  2 shadow dragon skeletons (Depths:2)
  2 will-o-the-wisps
  A spectral centaur (Crypt:3)
  23 manticores
  A worldbinder (Abyss:2)
  6 shining eyes
  5 toenail golems (Volcano)
  38 moths of wrath
  20 fauns
  A guardian serpent (shapeshifter) (Elf:2)
  2 guardian serpents (Desolation)
  21 large abominations
  Maurice (D:9)
  3 black mambas
  13 merfolk sirens
  2 draconians (Abyss:4)
  4 elephants (Lair:4)
  A molten gargoyle (Desolation)
  A rust devil (Depths:3)
  4 torpor snails
  4 ice statues
  3 orange demons
  19 vault sentinels
  2 apocalypse crabs (Abyss:4)
  An eye of devastation (shapeshifter) (Vaults:5)
  2 titan simulacra (Crypt:3)
  5 demonic crawlers
  3 water nymphs (Shoals:4)
  12 centaur skeletons
  An alligator snapping turtle zombie (Crypt:3)
  A naga skeleton (Crypt:3)
  10 smoke demons
  9 cane toads
  28 yaktaurs
  3 hellions
  3 efreet
  2 unseen horror zombies (D:7)
  7 tengu conjurers
  3 kobold demonologists (D:14)
  7 rime drakes
  21 freezing wraiths
  4 unseen horrors
  15 komodo dragons
  A golden dragon simulacrum (Depths:3)
  5 ancient zymes
  2 ice devils
  A minotaur skeleton (Crypt:3)
  A silent spectre (Abyss:2)
  An anaconda simulacrum (Abyss:2)
  29 starcursed masses
  A harpy zombie (Crypt:3)
  2 red devils (Depths:3)
  A hydra zombie (Crypt:3)
  A meliai (shapeshifter) (Elf:3)
  10 polar bears
  31 merfolk
  3 spectral harpies (Crypt:3)
  13 hornets
  8 trolls
  7 wind drakes
  14 raiju
  4 meliai
  32 tarantellas
  3 hellwings
  19 blink frogs
  2 tyrant leeches (Zig:10)
  A tarantella (shapeshifter) (Vaults:5)
  44 saltlings (Desolation)
  2 spriggan zombies (Depths:2)
  6 dream sheep
  A stone giant simulacrum (Crypt:3)
  2 ettin zombies (Crypt:3)
  3 meliai zombies (Crypt:1)
  14 snapping turtles
  A jumping spider (shapeshifter) (Depths:3)
  39 jumping spiders
  A centaur simulacrum (D:14)
  5 air elementals
  14 flying skulls
  A satyr skeleton (Crypt:1)
  16 water elementals
  22 culicivoras
  9 wraiths
  3 shadows
  A vampire (D:11)
  10 fire elementals
  8 wyverns
  A hog (shapeshifter) (Abyss:4)
  30 yaks
  3 ynoxinuls
  A basilisk (shapeshifter) (Elf:2)
  5 basilisks
  42 redbacks
  3 vampire mosquitoes (D:13)
  11 chaos spawn
  5 golden eyes
  5 steam dragons
  4 neqoxecs
  A redback (shapeshifter) (Depths:3)
  3 hogs (Shoals:1)
  A redback simulacrum (D:15)
  16 wargs
  A spatial vortex (Abyss:4)
  A naga zombie (Abyss:2)
  Duvessa (D:6)
  18 water moccasins
  5 floating eyes
  4 hell hounds (Abyss:3)
  59 orc warriors
  A demonspawn skeleton (Crypt:2)
  A black bear (D:7)
  2 great orb of eyes simulacra (IceCv)
  A glowing shapeshifter skeleton (Depths:3)
  A hornet zombie (D:7)
  15 ogres
  8 ice beasts
  5 sky beasts
  An elephant skeleton (Crypt:3)
  6 boggarts
  15 wolves
  11 centaurs
  2 kobold brigands
  2 phantoms
  4 slime creature simulacra (IceCv)
  17 bullfrogs
  5 earth elementals
  3 necrophages
  An elf zombie (Crypt:2)
  A yaktaur skeleton (Crypt:3)
  A naga simulacrum (Crypt:3)
  A salamander skeleton (Crypt:3)
  32 wights
  A water moccasin zombie (D:7)
  8 scorpions
  3 wyvern zombies (D:7)
  3 glowing shapeshifter simulacra (IceCv)
  2 elf skeletons (Crypt:1)
  21 small abominations
  2 water moccasin skeletons
  Dowan (D:6)
  A shapeshifter zombie (Crypt:2)
  6 killer bees (D:9)
  A polar bear skeleton (Crypt:1)
  6 howler monkeys
  6 electric eels (D:15)
  A crimson imp (Abyss:3)
  A quasit (Abyss:4)
  A wolf skeleton (Crypt:2)
  16 jellies
  10 centaur zombies
  12 orc priests
  2 hounds
  A boggart zombie (Crypt:1)
  22 orc wizards
  8 iguanas
  5 lightning spires (Zot:4)
  3 killer bee zombies (D:7)
  An ogre skeleton (Crypt:3)
  3 tengu skeletons
  A boggart simulacrum (D:13)
  A deep dwarf skeleton (Crypt:1)
  3 howler monkey zombies
  14 adders
  3 gnolls (D:5)
  8 river rats
  2 shadow imps
  A white imp (D:4)
  3 ufetubi
  An adder skeleton (Crypt:3)
  An adder zombie (Crypt:3)
  A worm (D:5)
  5 dart slugs
  89 orcs
  6 ball pythons
  A bat skeleton (Crypt:2)
  10 endoplasms
  6 hobgoblins
  3 jackals (D:4)
  30 kobolds
  3 quokkas
  6 bats
  14 frilled lizards
  2 giant cockroach zombies
  A gnoll skeleton (Crypt:3)
  8 goblins
  An orc zombie (Crypt:2)
  28 rats
  A ball lightning (Zot:4)
  2 lurking horrors (Abyss:4)
  11 starspawn tentacles (Abyss:4)
  4 tentacles (Shoals:4)
3061 creatures vanquished.

Vanquished Creatures (others)
  A Killer Klown (Zot:4)
  A thorn hunter (Zig:10)
  2 storm dragons (Zot:4)
  A draconian monk (Zot:4)
  A fire giant (Depths:2)
  4 black draconians
  A spark wasp (Zot:4)
  A deep elf death mage (Elf:3)
  A merfolk javelineer (Shoals:3)
  A deep elf high priest (Elf:3)
  An ogre mage (D:14)
  2 harpies (Shoals:3)
  A deep elf zephyrmancer (Elf:3)
  A large abomination (Abyss:3)
  A draconian (Abyss:4)
  2 moths of wrath
  A rime drake (Zot:4)
  A meliai (shapeshifter) (Elf:3)
  A hornet (Zig:10)
  A polar bear (Lair:5)
  A saltling (Desolation)
  An air elemental (Elf:3)
  2 water elementals (Elf:3)
  A slime creature (IceCv)
  2 golden eyes (Abyss:4)
  A small abomination (Abyss:3)
  4 ball lightnings (Zot:4)
  8 fungi
  A lurking horror (Abyss:4)
  A pillar of salt (Desolation)
  80 plants
  11 starspawn tentacles
  4 tentacles (Shoals:3)
  2 withered plants
145 creatures vanquished.

Grand Total: 3206 creatures vanquished

Notes
Turn   | Place    | Note
-------+----------+-------------------------------------------
     0 | D:1      | krgfvk the Minotaur Fighter began the quest for the Orb.
     0 | D:1      | Reached XP level 1. HP: 19/19 MP: 0/0
   109 | D:1      | Found Xeczunos's General Store.
   174 | D:1      | Reached XP level 2. HP: 20/27 MP: 1/1
   292 | D:1      | Found Owuliof's Assorted Antiques.
   305 | D:1      | Found Nuluax's Assorted Antiques.
   504 | D:1      | Reached skill level 1 in Dodging
   546 | D:1      | Found Zucoxul's Weapon Boutique.
   877 | D:2      | Reached XP level 3. HP: 33/33 MP: 2/2
  1317 | D:2      | Found a shadowy altar of Dithmenos.
  1652 | D:3      | Reached XP level 4. HP: 40/40 MP: 3/3
  2038 | D:3      | Noticed a scorpion
  2045 | D:3      | Killed a scorpion
  2046 | D:3      | Reached XP level 5. HP: 41/47 MP: 4/4
  2365 | D:4      | Found a transporter.
  2426 | D:4      | Found a broken altar of Ashenzari.
  2448 | D:4      | Noticed a phantom
  2460 | D:4      | Killed a phantom
  2461 | D:4      | Reached skill level 5 in Fighting
  2461 | D:4      | Reached XP level 6. HP: 47/56 MP: 5/5
  2744 | D:4      | Found a transporter.
  2744 | D:4      | Found a one-way gate to the infinite horrors of the Abyss.
  2744 | D:4      | Noticed anet's ghost (amateur GnBr)
  2755 | D:4      | Noticed a small abomination
  2784 | D:4      | Reached skill level 5 in Armour
  2810 | D:4      | Found Boptic's Assorted Antiques.
  2905 | D:4      | Found a burning altar of Makhleb.
  2905 | D:4      | Found a snail-covered altar of Cheibriados.
  2905 | D:4      | Found a hazy altar of Hepliaklqana.
  2921 | D:4      | Reached skill level 5 in Shields
  3107 | D:5      | Entered Level 5 of the Dungeon
  3266 | D:5      | Reached XP level 7. HP: 61/61 MP: 6/6
  3364 | D:5      | Found a glowing drain.
  3377 | Sewer    | Entered a sewer
  3705 | Sewer    | Reached skill level 5 in Axes
  4106 | D:5      | Got Piuzxoq's Mystical Knowledge, Part One
  4431 | D:5      | Reached XP level 8. HP: 70/70 MP: 7/7
  5169 | D:6      | Reached skill level 5 in Dodging
  5182 | D:6      | Got Jituatzam's Directory of the Snow-white Welkin
  5604 | D:6      | Noticed Duvessa
  5604 | D:6      | Noticed Dowan
  5615 | D:6      | Killed Dowan
  5616 | D:6      | Reached XP level 9. HP: 50/79 MP: 8/8
  5625 | D:6      | Killed Duvessa
  5917 | D:7      | Found a staircase to the Ecumenical Temple.
  5929 | Temple   | Entered the Ecumenical Temple
  5929 | Temple   | Found a transporter.
  5929 | Temple   | Found a transporter.
  5931 | Temple   | Found a transporter.
  5931 | Temple   | Found a transporter.
  5950 | Temple   | Became a worshipper of Warmaster Okawaru
  6115 | D:7      | Reached * piety under Okawaru
  6256 | D:7      | Found a runed translucent gate.
  6256 | D:7      | Found a runed translucent gate.
  6256 | D:7      | Found a runed translucent gate.
  6257 | D:7      | Noticed a spectral unseen horror
  6257 | D:7      | Noticed Bnni's ghost (novice FoFi)
  6273 | D:7      | Reached ** piety under Okawaru
  6297 | D:7      | Reached XP level 10. HP: 48/90 MP: 9/9
  6621 | D:7      | Reached *** piety under Okawaru
  7411 | D:1      | Bought a pink potion for 20 gold pieces
  7411 | D:1      | Bought a scroll labelled HUNKAO SELL for 23 gold pieces
  7411 | D:1      | Bought a scroll labelled FIOTUX OXIORPH for 23 gold pieces
  7411 | D:1      | Bought a sedimented black potion for 20 gold pieces
  7411 | D:1      | Bought a scroll labelled FARUWU MOAC for 23 gold pieces
  7411 | D:1      | Bought a scroll labelled VIALAV VAWKI for 23 gold pieces
  7417 | D:1      | Bought a purple potion for 22 gold pieces
  7417 | D:1      | Bought a lumpy amethyst potion for 22 gold pieces
  7417 | D:1      | Bought a bubbling orange potion for 22 gold pieces
  7417 | D:1      | Bought a murky silvery potion for 22 gold pieces
  7515 | D:4      | Bought a scroll labelled XEL ODAUMYKINO for 21 gold pieces
  7515 | D:4      | Bought a bubbling orange potion for 18 gold pieces
  7515 | D:4      | Bought a scroll labelled GEGIUFE WIMISI for 21 gold pieces
  7635 | D:1      | Bought a potion of heal wounds for 55 gold pieces
  7826 | D:8      | Gained mutation: A frigid envelope surrounds you and
                  | freezes all who hurt you. [potion of mutation]
  7826 | D:8      | Gained mutation: You are agile. (Dex +4, Str/Int -1)
                  | [potion of mutation]
  7826 | D:8      | Gained mutation: Your flesh is heat resistant. (rF+)
                  | [potion of mutation]
  7826 | D:8      | Gained mutation: You have sharp toenails. [potion of
                  | mutation]
  7839 | D:8      | Identified 4 scrolls of acquirement
  7839 | D:8      | Acquired a manual of Axes
  7858 | D:8      | Acquired 859 gold pieces
  7862 | D:8      | Acquired a +2 broad axe of venom
  7866 | D:8      | Acquired the +3 cloak "Yfuilopt" {rN+}
  8107 | D:8      | Found Ryrora's Antique Armour Shoppe.
  8117 | D:8      | Bought a fine chain mail for 275 gold pieces
  8117 | D:8      | Identified the +0 chain mail of the Gate {rF+ rCorr Stlth-}
                  | (You bought it in a shop on level 8 of the Dungeon)
  8350 | D:8      | Reached **** piety under Okawaru
  8381 | D:8      | Noticed a centaur warrior
  8386 | D:8      | Killed a centaur warrior
  8393 | D:8      | Reached skill level 10 in Axes
  8402 | D:8      | Reached XP level 11. HP: 98/99 MP: 10/10
  8408 | D:8      | Noticed a death knight
  8425 | D:8      | Killed a death knight
  8426 | D:8      | Reached skill level 10 in Fighting
  8426 | D:8      | Reached skill level 10 in Shields
  8442 | D:8      | Reached skill level 10 in Armour
  8578 | D:8      | Reached ***** piety under Okawaru
  8973 | D:9      | Noticed a two-headed ogre
  8978 | D:9      | Killed a two-headed ogre
  9017 | D:9      | Found a shimmering altar of Xom.
  9020 | D:9      | Found a shimmering altar of Xom.
  9022 | D:9      | Found a shimmering altar of Xom.
  9023 | D:9      | Found a shimmering altar of Xom.
  9024 | D:9      | Found a shimmering altar of Xom.
  9220 | D:9      | Found a staircase to the Lair.
  9231 | D:9      | Received a gift from Okawaru
  9409 | D:9      | Noticed Maurice
  9418 | D:9      | Killed Maurice
  9548 | D:9      | Noticed a two-headed ogre
  9553 | D:9      | Killed a two-headed ogre
  9776 | D:10     | Entered Level 10 of the Dungeon
 10004 | D:10     | Identified the +5 mace of the Chain {heavy, rF+ rC+ rCorr}
 10256 | D:11     | Noticed Erica
 10262 | D:11     | Killed Erica
 10263 | D:11     | Reached XP level 12. HP: 110/110 MP: 11/11
 10284 | D:11     | Received a gift from Okawaru
 10320 | D:11     | Noticed a two-headed ogre
 10325 | D:11     | Killed a two-headed ogre
 10526 | D:11     | Noticed Josephine
 10535 | D:11     | Reached skill level 10 in Dodging
 10535 | D:11     | Killed Josephine
 10606 | D:11     | Acquired 699 gold pieces
 10750 | D:12     | Noticed a two-headed ogre
 10755 | D:12     | Killed a two-headed ogre
 10776 | D:12     | Found a gateway to a bazaar.
 10832 | D:12     | Found a bloodstained altar of Trog.
 10836 | D:12     | Reached ****** piety under Okawaru
 10932 | D:12     | Noticed a boulder beetle
 10940 | D:12     | Killed a boulder beetle
 11150 | D:12     | Noticed Sonja
 11158 | D:12     | Killed Sonja
 11158 | D:12     | Received a gift from Okawaru
 11246 | D:12     | Noticed a two-headed ogre
 11251 | D:12     | Killed a two-headed ogre
 11551 | D:12     | Found a staircase to the Orcish Mines.
 11616 | D:13     | Noticed a centaur warrior
 11624 | D:13     | Killed a centaur warrior
 11821 | D:13     | Noticed a six-headed hydra
 11825 | D:13     | Killed a five-headed hydra
 11923 | D:13     | Noticed a two-headed ogre
 11927 | D:13     | Killed a two-headed ogre
 11960 | D:13     | Acquired 751 gold pieces
 12003 | D:13     | Noticed a centaur warrior
 12012 | D:13     | Killed a centaur warrior
 12019 | D:13     | Reached XP level 13. HP: 77/119 MP: 12/12
 12179 | D:13     | Found a runed translucent door.
 12182 | D:13     | Received a gift from Okawaru
 12328 | D:13     | Noticed a tengu reaver
 12328 | D:13     | Noticed a storm dragon
 12336 | D:13     | Killed a storm dragon
 12337 | D:13     | Reached skill level 15 in Axes
 12339 | D:13     | Killed a tengu reaver
 12610 | D:14     | Found Irenyebiu's Weapon Boutique.
 12842 | D:14     | Found Ekhle's Antique Weapon Emporium.
 13045 | D:14     | Received a gift from Okawaru
 13067 | D:14     | Found a transporter.
 13075 | D:14     | Found a radiant altar of Vehumet.
 13096 | D:14     | Reached XP level 14. HP: 129/129 MP: 13/13
 13132 | D:14     | Identified the +1 robe of Puafafa {Harm Int+3}
 13258 | D:14     | Found a gate to the Vaults.
 13417 | D:14     | Received a gift from Okawaru
 13577 | D:14     | Paralysed by something for 4 turns
 13694 | D:14     | Found a transporter.
 13696 | D:14     | Got the Omnibus of Toxicants
 13864 | Lair:1   | Entered Level 1 of the Lair of Beasts
 14302 | Lair:1   | Noticed Urug
 14309 | Lair:1   | Killed Urug
 14858 | Lair:2   | Found a dark tunnel.
 14877 | Volcano  | Entered a volcano
 15031 | Volcano  | Reached XP level 15. HP: 137/137 MP: 14/14
 15372 | Lair:2   | Found a hole to the Spider Nest.
 16069 | Lair:3   | Identified the +1 short sword "Enwuowuav" {flame, Str+4}
                  | (Okawaru gifted it to you on level 3 of the Lair of Beasts)
 16069 | Lair:3   | Received a gift from Okawaru
 16097 | Lair:3   | Found a staircase to the Shoals.
 16313 | Lair:3   | Identified the +6 war axe "Transmigrator" {antimagic,
                  | Str+4}
 16335 | Lair:3   | Identified the +3 trident of Embarrassment {pain, rF- rCorr
                  | Int+2}
 17329 | Lair:4   | You are sucked into a shaft and drop 1 floor!
 17329 | Lair:5   | Entered Level 5 of the Lair of Beasts
 17448 | Lair:5   | Found the +5 Lochaber axe {reach-cleave, Poleaxe Drain}
 17472 | Lair:5   | Received a gift from Okawaru
 17866 | Lair:5   | Found a staircase to the Slime Pits.
 18615 | Orc:1    | Entered Level 1 of the Orcish Mines
 18718 | Orc:1    | Noticed Harold
 18729 | Orc:1    | Killed Harold
 18867 | Orc:1    | Found a frozen archway.
 18876 | IceCv    | Entered an ice cave
 18966 | IceCv    | Identified the +6 war axe "Ultimatum" {flame, rPois}
                  | (Okawaru gifted it to you in an ice cave)
 18966 | IceCv    | Received a gift from Okawaru
 19102 | IceCv    | Reached skill level 15 in Fighting
 19104 | IceCv    | Reached skill level 15 in Armour
 19111 | IceCv    | Reached skill level 15 in Shields
 19171 | IceCv    | Found a viscous altar of Jiyva.
 19171 | IceCv    | Noticed an azure jelly
 19177 | IceCv    | Killed an azure jelly
 19205 | IceCv    | Identified the amulet "Itoro" {RegenMP rF++ Str-3 Int+6}
 19328 | IceCv    | Reached XP level 16. HP: 149/149 MP: 15/15
 19677 | Orc:2    | Entered Level 2 of the Orcish Mines
 19684 | Orc:2    | Found a staircase to the Elven Halls.
 19732 | Orc:2    | Noticed Snorg
 19738 | Orc:2    | Killed Snorg
 19902 | Orc:2    | Identified the +11 crystal plate armour of Gravity {rPois
                  | Stlth+} (Okawaru gifted it to you on level 2 of the Orcish
                  | Mines)
 19902 | Orc:2    | Received a gift from Okawaru
 19993 | Orc:2    | Found Decliaf's Assorted Antiques.
 19993 | Orc:2    | Found Neopp's Jewellery Shop.
 20079 | Orc:2    | Paralysed by an orc sorcerer for 5 turns
 20195 | Orc:2    | Found Omuqisus's Distillery.
 20213 | Orc:2    | Bought a potion of curing for 48 gold pieces
 20213 | Orc:2    | Bought a potion of heal wounds for 80 gold pieces
 20213 | Orc:2    | Bought a potion of berserk rage for 80 gold pieces
 20213 | Orc:2    | Bought a potion of curing for 48 gold pieces
 20213 | Orc:2    | Bought a potion of invisibility for 128 gold pieces
 20213 | Orc:2    | Bought a potion of haste for 160 gold pieces
 20213 | Orc:2    | Bought a potion of haste for 160 gold pieces
 20220 | Orc:2    | Found Ysyhur Viejo's Weapon Shop.
 20640 | D:15     | Entered Level 15 of the Dungeon
 20923 | D:15     | Found a stormy altar of Qazlal.
 21096 | D:15     | Found a staircase to the Depths.
 21578 | Bazaar   | Entered a bazaar
 21578 | Bazaar   | Found Imuxat's Jewellery Boutique.
 21578 | Bazaar   | Found Suhyqaug's General Store.
 21578 | Bazaar   | Found Pomokiro's Jewellery Shop.
 21593 | Bazaar   | Bought a scroll of enchant armour for 60 gold pieces
 21593 | Bazaar   | Bought a scroll of enchant weapon for 60 gold pieces
 21593 | Bazaar   | Bought a scroll of teleportation for 24 gold pieces
 21713 | Spider:1 | Entered Level 1 of the Spider Nest
 22297 | Spider:1 | Noticed Jorgrun
 22307 | Spider:1 | Killed Jorgrun
 22894 | Spider:2 | Identified the +1 plate armour of the Salamander {rN+++
                  | Str-2 Dex+5} (Okawaru gifted it to you on level 2 of the
                  | Spider Nest)
 22894 | Spider:2 | Received a gift from Okawaru
 22977 | Spider:2 | Noticed Nikola
 22984 | Spider:2 | Killed Nikola
 23240 | Spider:2 | Noticed Louise
 23252 | Spider:2 | Killed Louise
 24200 | Spider:3 | Reached XP level 17. HP: 150/159 MP: 16/16
 24462 | Spider:3 | Found the +10 morningstar "Eos" {elec, Halo rElec}
 24714 | Spider:3 | Noticed Arachne
 24737 | Spider:3 | Killed Arachne
 24743 | Spider:3 | Received a gift from Okawaru
 25087 | Spider:4 | Entered Level 4 of the Spider Nest
 25111 | Spider:4 | Received a gift from Okawaru
 25112 | Spider:4 | Reached skill level 15 in Dodging
 26103 | Spider:4 | Got a gossamer rune of Zot
 26437 | Shoals:1 | Entered Level 1 of the Shoals
 26498 | Shoals:1 | Received a gift from Okawaru
 26971 | Shoals:1 | Noticed Kirke
 26982 | Shoals:1 | Killed Kirke
 26983 | Shoals:1 | Reached XP level 18. HP: 166/170 MP: 17/17
 27375 | Shoals:2 | Identified the +0 pair of boots of the Countless Teeth
                  | {Dex+2 Slay+2} (Okawaru gifted it to you on level 2 of the
                  | Shoals)
 27375 | Shoals:2 | Received a gift from Okawaru
 27961 | Shoals:2 | Found a runed translucent door.
 27963 | Shoals:2 | Found a shimmering altar of Xom.
 27963 | Shoals:2 | Noticed Hemirghao's ghost (adept SpEn)
 27997 | Shoals:2 | Killed Hemirghao's ghost
 28089 | Shoals:2 | Identified the ring "Magomoa" {Fly Will++}
 28306 | Shoals:3 | Noticed Ilsuiw
 28317 | Shoals:3 | Killed Ilsuiw
 28615 | Shoals:3 | Received a gift from Okawaru
 28633 | Shoals:3 | Identified the +0 scimitar of the Well-Known Portals
                  | {speed, Int+2}
 29153 | Shoals:4 | Entered Level 4 of the Shoals
 29170 | Shoals:4 | Identified the ring "Xastap" {rElec Will+ EV+5 Str-5}
 29880 | Shoals:4 | Identified the +1 broad axe "Liuxihar" {pain, Int+7 Dex-3}
                  | (Okawaru gifted it to you on level 4 of the Shoals)
 29880 | Shoals:4 | Received a gift from Okawaru
 30154 | Shoals:4 | Got a barnacled rune of Zot
 30190 | Shoals:4 | Reached XP level 19. HP: 166/181 MP: 18/18
 30571 | Vaults:1 | Entered Level 1 of the Vaults
 30883 | Vaults:1 | Identified the +0 tower shield of the Constellations {Str-5
                  | Dex+4} (Okawaru gifted it to you on level 1 of the Vaults)
 30883 | Vaults:1 | Received a gift from Okawaru
 30904 | Vaults:1 | Acquired 852 gold pieces
 31384 | Vaults:1 | Found Muiwuff's Antique Weapon Shoppe.
 32038 | Vaults:2 | Noticed Sojobo
 32042 | Vaults:2 | Paralysed by an air elemental for 1 turns
 32055 | Vaults:2 | Killed Sojobo
 32283 | Vaults:2 | Received a gift from Okawaru
 32467 | Vaults:2 | Received a gift from Okawaru
 33192 | Vaults:2 | Identified the +7 glaive "Tufiejet" {freeze, Dex+9 Stlth+}
 33389 | Elf:1    | Entered Level 1 of the Elven Halls
 33457 | Elf:1    | Paralysed by an air elemental for 1 turns
 33480 | Elf:1    | Reached XP level 20. HP: 145/193 MP: 19/19
 33536 | Elf:1    | Paralysed by an air elemental for 1 turns
 33541 | Elf:1    | Received a gift from Okawaru
 33658 | Elf:1    | Found a radiant altar of Vehumet.
 33754 | Elf:1    | Paralysed by an air elemental for 1 turns
 33759 | Elf:1    | Found Rokainia's Magic Scroll Shop.
 33766 | Elf:1    | Found Jempuech's Magic Scroll Boutique.
 33816 | Elf:1    | Found a crumbling gateway.
 33824 | Desolati | Entered the Desolation of Salt
 33935 | Desolati | Got the Tome of Iron Phantasms
 33938 | Desolati | Identified the ring "Voostiunt" {Wiz rN+}
 33941 | Desolati | Identified the +10 battleaxe "Narat" {pain, rN+ rCorr Str+2
                  | Dex-2}
 33949 | Desolati | Got the Compendium of the Atmospheric Blink Frog
 33962 | Desolati | Received a gift from Okawaru
 34120 | Desolati | Identified the ring "Gaupim" {Ice rElec}
 34317 | Desolati | Found the +8 mithril axe "Arga" {speed, Will+}
 34333 | Desolati | Identified the ring of Doewud {rF+ Will+ Str+2 Int+6}
 34346 | Desolati | Identified the +5 crystal plate armour of the Ant {Will+}
 34763 | Elf:1    | Bought a scroll of silence for 180 gold pieces
 34763 | Elf:1    | Bought a scroll of enchant weapon for 142 gold pieces
 34763 | Elf:1    | Bought a scroll of magic mapping for 142 gold pieces
 34763 | Elf:1    | Bought a scroll of silence for 180 gold pieces
 35122 | Elf:2    | Found Nuijurgh's Antique Armour Emporium.
 35354 | Elf:2    | Received a gift from Okawaru
 35506 | Elf:2    | Found a runed translucent gate.
 35506 | Elf:2    | Found a runed translucent gate.
 35506 | Elf:2    | Found a runed translucent gate.
 35506 | Elf:2    | Found a runed translucent gate.
 35506 | Elf:2    | Found a runed translucent gate.
 35508 | Elf:2    | Found a runed translucent gate.
 35528 | Elf:2    | Got the Handbook of Frigorific Conflict
 35564 | Elf:2    | Found a runed translucent gate.
 35565 | Elf:2    | Found a runed translucent gate.
 35565 | Elf:2    | Found a runed translucent gate.
 35694 | Elf:2    | Noticed MrShunz's ghost (adept MiBe)
 35695 | Elf:2    | Noticed Opifex's ghost (journeyman DsFi)
 35696 | Elf:2    | Noticed Citaku's ghost (adept MiFi)
 35716 | Elf:2    | Killed Opifex's ghost
 35733 | Elf:2    | Killed MrShunz's ghost
 35736 | Elf:2    | Killed Citaku's ghost
 35768 | Elf:2    | Identified the ring "Lunifoah" {rC+ AC+4}
 35922 | Elf:2    | Found a huge runed translucent gate.
 35924 | Elf:2    | Found a huge runed translucent gate.
 35929 | Elf:2    | Found a huge runed translucent gate.
 35930 | Elf:2    | Found a huge runed translucent gate.
 35930 | Elf:2    | Found a huge runed translucent gate.
 35999 | Elf:2    | Identified the +0 hat "Coudis" {-Cast rC+ Stlth+} (Okawaru
                  | gifted it to you on level 2 of the Elven Halls)
 35999 | Elf:2    | Received a gift from Okawaru
 36327 | Elf:3    | Entered Level 3 of the Elven Halls
 36426 | Elf:3    | Reached XP level 21. HP: 202/202 MP: 18/20
 36484 | Elf:3    | Noticed Mara
 36488 | Elf:3    | Paralysed by an air elemental for 1 turns
 36520 | Elf:3    | Noticed krgfvk's illusion
 36552 | Elf:3    | Killed Mara
 36737 | Elf:3    | Found the +3 Mad Mage's Maulers {Infuse+∞ VampMP -Cast}
 36814 | Elf:3    | Identified the +10 short sword of Peace {flame, rN+}
 36904 | Elf:3    | Identified the +3 chain mail of Okawaru's Scorn {rCorr}
 36910 | Elf:3    | Identified the +4 great sword "Ysorchun" {venom, *Slow
                  | rPois Stlth+}
 36917 | Elf:3    | Identified the ring of Ujyod {+Blink rC- rN+ Will+}
 36962 | Elf:3    | Identified the +10 plate armour of Calculation {rElec Int+2
                  | Dex+2} (Okawaru gifted it to you on level 3 of the Elven
                  | Halls)
 36962 | Elf:3    | Received a gift from Okawaru
 37268 | Elf:3    | Identified the +8 arbalest of Dishonesty {freeze, rPois
                  | MP+9 Int-4}
 37555 | Elf:3    | Found a runed translucent door.
 37556 | Elf:3    | Noticed haldagan's ghost (adept TeHu)
 37615 | Elf:3    | Killed haldagan's ghost
 40229 | Vaults:3 | Received a gift from Okawaru
 40563 | Vaults:3 | Reached XP level 22. HP: 213/213 MP: 3/21
 40689 | Vaults:3 | Found a staircase to the Crypt.
 41016 | Vaults:3 | Found the +8 storm bow {elec, penet}
 41035 | Vaults:3 | Upgraded the game from 0.30-a0-728-gc68057be0a to
                  | 0.30-a0-737-gf23d94013f
 41856 | Vaults:4 | Identified the +2 pair of gloves of Zihuuneph {Dex+4
                  | Slay-5} (Okawaru gifted it to you on level 4 of the Vaults)
 41856 | Vaults:4 | Received a gift from Okawaru
 42577 | Vaults:4 | Found the brooch of Shielding {Spirit SH+8}
 43457 | Vaults:4 | Found Qoegusch's Weapon Emporium.
 43847 | Vaults:5 | Entered Level 5 of the Vaults
 45022 | Vaults:5 | Noticed an ancient lich
 45034 | Vaults:5 | Killed an ancient lich
 45062 | Vaults:5 | Received a gift from Okawaru
 45065 | Vaults:5 | Identified the +3 battleaxe "Samar" {vamp, Fly rN+}
 45152 | Vaults:5 | Got Seoloitru's Book of Gelid Anemomancy
 45427 | Vaults:5 | Reached XP level 23. HP: 224/224 MP: 4/22
 45706 | Vaults:5 | Got a silver rune of Zot
 45715 | Vaults:5 | Identified the +1 scale mail of the Dolphin {Str+2}
 45853 | Vaults:5 | Identified the ring of the Invisible Ships {AC+4 Int+2}
 46190 | Vaults:5 | Identified the +8 short sword of Jariutew {protect, rCorr
                  | Str+4 Dex-4 Stlth+}
 46521 | Vaults:5 | Identified the +1 buckler of Kyestoh {Harm rElec Dex+2}
 46603 | Vaults:5 | Gained mutation: Your body sometimes deteriorates upon
                  | taking damage. [a shining eye]
 47331 | Crypt:1  | Entered Level 1 of the Crypt
 47419 | Crypt:1  | Identified the +2 pair of boots "Woegue" {rF+} (Okawaru
                  | gifted it to you on level 1 of the Crypt)
 47419 | Crypt:1  | Received a gift from Okawaru
 47931 | Crypt:1  | Found the +9 sword of Zonguldrok {reap}
 48141 | Crypt:2  | Noticed Margery
 48151 | Crypt:2  | Killed Margery
 48360 | Crypt:2  | Reached skill level 1 in Invocations
 49682 | Crypt:3  | Entered Level 3 of the Crypt
 50022 | Crypt:3  | Received a gift from Okawaru
 50128 | Crypt:3  | Reached skill level 5 in Invocations
 50133 | Crypt:3  | Found a staircase to the Tomb.
 50157 | Crypt:3  | Got the Cyclopedia of Evolution
 50167 | Crypt:3  | Received a gift from Okawaru
 50367 | Crypt:3  | Found a basalt altar of Yredelemnul.
 50480 | Crypt:3  | Got Yturhos's Treatise on Death
 50595 | Crypt:3  | Found an ancient bone altar of Kikubaaqudgha.
 51542 | Crypt:3  | Received a gift from Okawaru
 51542 | Crypt:3  | Found the +16 obsidian axe {drain, demonic, Mesm Drain Fly
                  | SInv}
 51738 | Crypt:3  | Reached XP level 24. HP: 235/235 MP: 10/26
 53040 | Crypt:3  | Found the +8 Vampire's Tooth {megavamp}
 53069 | Crypt:3  | Identified the ring "Doschyruo" {*Corrode *Slow rPois rF+++
                  | rC+}
 53704 | Depths:1 | Entered Level 1 of the Depths
 53863 | Depths:1 | Paralysed by a floating eye for 3 turns
 53897 | Depths:1 | Identified the +1 scale mail of Qirastoh {rPois Will+ Dex+8
                  | Stlth+} (Okawaru gifted it to you on level 1 of the Depths)
 53897 | Depths:1 | Received a gift from Okawaru
 53925 | Depths:1 | Found a gateway to Hell.
 54242 | Depths:1 | Found Moanunehi's Book Emporium.
 54563 | Depths:1 | Found a white marble altar of Elyvilon.
 54577 | Depths:1 | Found Afainug's General Store.
 54585 | Depths:1 | Bought a potion of invisibility for 184 gold pieces
 54585 | Depths:1 | Bought a scroll of fear for 92 gold pieces
 54585 | Depths:1 | Bought a scroll of magic mapping for 172 gold pieces
 54597 | Depths:1 | Found Urpheeluas's Island Escapes.
 54605 | Depths:1 | Bought a scroll of blinking for 135 gold pieces
 54605 | Depths:1 | Bought a potion of invisibility for 144 gold pieces
 54605 | Depths:1 | Bought a potion of invisibility for 144 gold pieces
 54605 | Depths:1 | Bought a scroll of blinking for 135 gold pieces
 54901 | Depths:1 | Found a portal to a secret trove of treasure.
 55180 | Depths:1 | Found Alel Ilisef's Jewellery Shop.
 55291 | Depths:1 | Bought the ring of Gumil {Fly rF+ rCorr Int+4} for 667 gold
                  | pieces
 55291 | Depths:1 | Bought a +4 ring of slaying for 1170 gold pieces
 55393 | Depths:1 | You paid a toll of 3 potions of resistance to enter a
                  | treasure trove
 55394 | Trove    | Entered a treasure trove
 55400 | Trove    | Identified the +8 war axe "krgfvk's Death" {drain, Fragile
                  | rF+ MP+9 Int+2}
 55404 | Trove    | Identified the +7 great sword of Amorality {venom, rPois
                  | rF- SInv}
 55406 | Trove    | Identified the +4 broad axe "Hotelafo" {venom, Int+3}
 55407 | Trove    | Identified the +5 hand crossbow of Equivalence {heavy,
                  | rPois rF- Will++ Str+3}
 55410 | Trove    | Identified the +1 broad axe "Beetleslayer" {antimagic,
                  | *Slow rF++ Int-5 Stlth+}
 56270 | Depths:2 | Identified the +4 shortbow of Xyqarit {speed, rN+ rCorr}
 56308 | Depths:2 | Found a one-way gateway to a ziggurat.
 56636 | Depths:2 | Found a one-way gate leading to the halls of Pandemonium.
 56852 | Depths:2 | Paralysed by a floating eye for 2 turns
 56885 | Depths:2 | Paralysed by a floating eye for 3 turns
 57033 | Depths:2 | Paralysed by a floating eye for 2 turns
 57292 | Depths:2 | Noticed Boris
 57346 | Depths:2 | Killed Boris
 57346 | Depths:2 | Received a gift from Okawaru
 57813 | Depths:3 | Reached XP level 25. HP: 246/246 MP: 13/26
 58054 | Depths:3 | Noticed a juggernaut
 58061 | Depths:3 | Killed a juggernaut
 58431 | Depths:3 | Identified the +1 leather armour of Ysofebbo {Str+5}
 58830 | Depths:3 | Found the +0 staff of Battle
 58894 | Depths:3 | Identified the +6 quarterstaff of Evisceration {spect,
                  | rCorr Dex+3}
 59148 | Depths:3 | Identified the +1 scale mail "Filaerei" {rPois rC+++ rCorr
                  | Dex-3}
 59446 | Depths:3 | Reached skill level 27 in Axes
 61000 | Depths:4 | Entered Level 4 of the Depths
 61015 | Depths:4 | Received a gift from Okawaru
 61834 | Depths:4 | Identified the +8 chain mail of the Miller {Int+2}
 61981 | Depths:4 | Found a glowing silver altar of Zin.
 61982 | Depths:4 | Found a white marble altar of Elyvilon.
 61982 | Depths:4 | Found a glowing golden altar of the Shining One.
 62304 | Depths:4 | Found a gate to the Realm of Zot.
 62916 | Zot:1    | Entered Level 1 of the Realm of Zot
 62952 | Zot:1    | Received a gift from Okawaru
 62957 | Zot:1    | Noticed Vv
 62978 | Zot:1    | Killed Vv
 63959 | Zot:1    | Noticed Parghit
 63971 | Zot:1    | Killed Parghit
 64943 | Zot:2    | Reached XP level 26. HP: 229/259 MP: 3/26
 65183 | Zot:2    | Identified the +0 whip of Kyujown {flame, rCorr Str+3
                  | Int+3}
 66170 | Zot:3    | Identified the +4 ring mail of Filth {Str+4 Dex+3 Stlth+}
 66528 | Zot:3    | Found a transporter.
 66913 | Zot:3    | Found a transporter.
 67407 | Zot:3    | Identified the +9 quarterstaff "Glorpo" {freeze, rCorr
                  | Dex+5}
 67410 | Zot:3    | Identified the ring of Equivalence {Ice Str+3 SInv}
 67423 | Zot:3    | Identified the amulet "Luism" {Reflect Will+ Regen+ Str+2
                  | SH+5}
 67588 | Zig:1    | Entered Level 1 of a ziggurat
 67599 | Zig:2    | Entered Level 2 of a ziggurat
 67750 | Zig:2    | Reached XP level 27. HP: 269/269 MP: 4/26
 67755 | Zig:3    | Entered Level 3 of a ziggurat
 67858 | Zig:3    | Noticed Ziecre the pandemonium lord
 67858 | Zig:3    | Found the +11 Singing Sword {sonic wave}
 67870 | Zig:3    | Killed Ziecre the pandemonium lord
 68010 | Zig:4    | Entered Level 4 of a ziggurat
 68016 | Zig:4    | Received a gift from Okawaru
 68138 | Zig:5    | Entered Level 5 of a ziggurat
 68168 | Zig:5    | Identified the ring of Efezeab {Fire +Blink rElec}
 68291 | Zig:6    | Entered Level 6 of a ziggurat
 68295 | Zig:6    | Gained mutation: You are frail. (-10% HP) [a neqoxec]
 68442 | Zig:7    | Entered Level 7 of a ziggurat
 68581 | Zig:7    | Identified the +5 rapier "Abuat" {pain, Str+3}
 68592 | Zig:8    | Entered Level 8 of a ziggurat
 68778 | Zig:9    | Entered Level 9 of a ziggurat
 68835 | Zig:9    | Identified the +3 hand axe "Hioviotu" {elec, rF+ Dex+3}
                  | (Okawaru gifted it to you on level 9 of a ziggurat)
 68835 | Zig:9    | Received a gift from Okawaru
 68869 | Zig:9    | Identified the +2 hand axe of Faideceu {heavy, rElec rPois
                  | rC- Int+4}
 68969 | Zig:10   | Entered Level 10 of a ziggurat
 69017 | Zig:10   | Identified the amulet "Yquomec" {Faith rCorr Str-2 Int-2
                  | Dex+8}
 69109 | Zig:11   | Entered Level 11 of a ziggurat
 69120 | Zig:11   | Paralysed by a wendigo for 1 turns
 69125 | Zig:11   | HP: 11/243 [nargun (50)]
 69126 | Zig:12   | Entered Level 12 of a ziggurat
 69300 | Zig:12   | Noticed a juggernaut
 69301 | Zig:12   | Noticed a juggernaut
 69307 | Zig:12   | Killed a juggernaut
 69313 | Zig:12   | Killed a juggernaut
 69351 | Zig:12   | Found the +7 lajatang of Order {silver, rMut}
 69351 | Zig:12   | Found the +9 sword of Power {lifebolt}
 69549 | Zig:12   | Reached skill level 27 in Fighting
 69555 | Zig:12   | Identified the +1 scale mail of Makhleb's Fury {Rampage rC+
                  | rCorr Int+4}
 69556 | Zig:12   | Identified the +0 robe "Gielug" {Dex+2}
 69864 | Slime:1  | Entered Level 1 of the Pits of Slime
 70019 | Slime:2  | Gained mutation: You occasionally lose the ability to read
                  | scrolls when taking damage. [a shining eye]
 70311 | Slime:5  | Entered Level 5 of the Pits of Slime
 70314 | Slime:5  | Gained mutation: You are very frail. (-20% HP) [a shining
                  | eye]
 70348 | Slime:5  | Noticed the Royal Jelly
 70496 | Slime:4  | Noticed Dissolution
 70504 | Slime:4  | Paralysed by a floating eye for 4 turns
 70514 | Slime:4  | Killed Dissolution
 70514 | Slime:4  | Received a gift from Okawaru
 70632 | Slime:5  | Killed the Royal Jelly
 70791 | Slime:5  | Reached skill level 27 in Armour
 70795 | Slime:5  | Reached skill level 27 in Shields
 70798 | Slime:5  | Gained mutation: You are extremely frail. (-30% HP) [a
                  | shining eye]
 70816 | Slime:5  | Gained mutation: You have hidden genetic defects. [a
                  | shining eye]
 70882 | Slime:5  | Found the +4 skin of Zhor {*Englaciate rC+++ SInv}
 70896 | Slime:5  | Got a slimy rune of Zot
 70911 | Slime:5  | Identified the +1 falchion "Sebrog" {heavy, rElec rF+
                  | Stlth+}
 70964 | Slime:5  | Identified the +6 trident of Ties {heavy, +Blink rPois rF+
                  | Dex+3}
 71185 | Lair:5   | Lost mutation: A frigid envelope surrounds you and freezes
                  | all who hurt you. [potion of mutation]
 71185 | Lair:5   | Lost mutation: You have sharp toenails. [potion of
                  | mutation]
 71185 | Lair:5   | Gained mutation: Your muscles are strong. (Str +4, Int/Dex
                  | -1) [potion of mutation]
 71185 | Lair:5   | Gained mutation: Your spells are a little harder to cast,
                  | but a little more powerful. [potion of mutation]
 71186 | Lair:5   | Lost mutation: You are agile. (Dex +4, Str/Int -1) [potion
                  | of mutation]
 71186 | Lair:5   | Lost mutation: You are extremely frail. (-30% HP) [potion
                  | of mutation]
 71186 | Lair:5   | Lost mutation: You are very frail. (-20% HP) [potion of
                  | mutation]
 71186 | Lair:5   | Gained mutation: You are strong-willed. (Will+) [potion of
                  | mutation]
 71187 | Lair:5   | Lost mutation: Your spells are a little harder to cast, but
                  | a little more powerful. [potion of mutation]
 71187 | Lair:5   | Lost mutation: You occasionally lose the ability to read
                  | scrolls when taking damage. [potion of mutation]
 71187 | Lair:5   | Lost mutation: You are frail. (-10% HP) [potion of
                  | mutation]
 71187 | Lair:5   | Gained mutation: You are highly strong-willed. (Will++)
                  | [potion of mutation]
 71187 | Lair:5   | Gained mutation: You are extremely strong-willed. (Will+++)
                  | [potion of mutation]
 71188 | Lair:5   | Lost mutation: Your flesh is heat resistant. (rF+) [potion
                  | of mutation]
 71188 | Lair:5   | Lost mutation: Your muscles are strong. (Str +4, Int/Dex
                  | -1) [potion of mutation]
 71188 | Lair:5   | Lost mutation: Your body sometimes deteriorates upon taking
                  | damage. [potion of mutation]
 71188 | Lair:5   | Gained mutation: Your spells are a little harder to cast,
                  | but a little more powerful. [potion of mutation]
 71188 | Lair:5   | Gained mutation: You have sharp fingernails. [potion of
                  | mutation]
 71188 | Lair:5   | Gained mutation: You are partially covered in iridescent
                  | scales. (AC +2) [potion of mutation]
 71189 | Lair:5   | Lost mutation: You have hidden genetic defects. [potion of
                  | mutation]
 71189 | Lair:5   | Lost mutation: You have sharp fingernails. [potion of
                  | mutation]
 71189 | Lair:5   | Lost mutation: You are partially covered in iridescent
                  | scales. (AC +2) [potion of mutation]
 71189 | Lair:5   | Gained mutation: You have a somewhat thin skeletal
                  | structure. (Dex +2, Stealth+) [potion of mutation]
 71189 | Lair:5   | Gained mutation: You expend magic power (3 MP) to
                  | strengthen your wands. [potion of mutation]
 71189 | Lair:5   | Gained mutation: You are covered in fur. (AC +1) [potion of
                  | mutation]
 71516 | Depths:2 | Voluntarily entered the Abyss.
 71681 | Abyss:2  | Gained mutation: You are weak. (Str -2) [a neqoxec]
 71684 | Abyss:2  | Gained mutation: You have hidden genetic defects. [a
                  | neqoxec]
 72787 | Abyss:2  | Noticed an ancient lich
 72810 | Abyss:2  | Killed an ancient lich
 73032 | Abyss:3  | Found a corrupted altar of Lugonu.
 73049 | Abyss:3  | Paralysed by accursed screaming for 1 turns
 73083 | Abyss:3  | Gained mutation: Your magical capacity is low. (-10% MP)
                  | [hidden defects]
 73118 | Abyss:3  | Gained mutation: You are dopey. (Int -2) [a neqoxec]
 73121 | Abyss:3  | Gained mutation: You occasionally shout uncontrollably at
                  | your foes. [a neqoxec]
 73850 | Abyss:4  | Found a corrupted altar of Lugonu.
 73857 | Abyss:4  | Reached skill level 27 in Dodging
 73868 | Abyss:4  | Reached skill level 1 in Spellcasting
 73922 | Abyss:4  | Found a transporter.
 73985 | Abyss:4  | Found a transporter.
 73990 | Abyss:4  | Found a transporter.
 73991 | Abyss:4  | Got an abyssal rune of Zot
 73997 | Abyss:4  | Gained mutation: You are very dopey. (Int -4) [hidden
                  | defects]
 73997 | Abyss:4  | Lost mutation: You have hidden genetic defects. [hidden
                  | defects expressed]
 74008 | Abyss:4  | Found a transporter.
 74026 | Depths:2 | Escaped the Abyss
 74242 | Zot:2    | Lost mutation: You have a somewhat thin skeletal structure.
                  | (Dex +2, Stealth+) [potion of mutation]
 74242 | Zot:2    | Lost mutation: You expend magic power (3 MP) to strengthen
                  | your wands. [potion of mutation]
 74242 | Zot:2    | Gained mutation: You occasionally lose the ability to read
                  | scrolls when taking damage. [potion of mutation]
 74242 | Zot:2    | Lost mutation: You occasionally shout uncontrollably at
                  | your foes. [potion of mutation]
 74242 | Zot:2    | Gained mutation: Your spells are harder to cast, but more
                  | powerful. [potion of mutation]
 74680 | Zot:4    | Reached skill level 5 in Spellcasting
 75101 | Zot:4    | Identified the +5 ring mail of a bailey {rF+ Will+ Str+3
                  | Dex+4} (Okawaru gifted it to you on level 4 of the Realm of
                  | Zot)
 75101 | Zot:4    | Received a gift from Okawaru
 76055 | Zot:4    | HP: 8/409 [black draconian annihilator/bolt of lightning
                  | (42)]
 76636 | Zot:5    | Entered Level 5 of the Realm of Zot
 76797 | Zot:5    | Noticed an orb of fire
 76797 | Zot:5    | Noticed an orb of fire
 76797 | Zot:5    | Gained mutation: You sometimes lose the ability to read
                  | scrolls when taking damage. [an orb of fire]
 76801 | Zot:5    | Noticed a dread lich
 76960 | Zot:5    | Lost mutation: You are covered in fur. (AC +1) [potion of
                  | mutation]
 76960 | Zot:5    | Lost mutation: You sometimes lose the ability to read
                  | scrolls when taking damage. [potion of mutation]
 76960 | Zot:5    | Lost mutation: Your magical capacity is low. (-10% MP)
                  | [potion of mutation]
 76960 | Zot:5    | Lost mutation: You are extremely strong-willed. (Will+++)
                  | [potion of mutation]
 76960 | Zot:5    | Gained mutation: You have large cloven feet. [potion of
                  | mutation]
 76961 | Zot:5    | Lost mutation: Your spells are harder to cast, but more
                  | powerful. [potion of mutation]
 76961 | Zot:5    | Lost mutation: You have large cloven feet. [potion of
                  | mutation]
 76961 | Zot:5    | Lost mutation: You are very dopey. (Int -4) [potion of
                  | mutation]
 76961 | Zot:5    | Gained mutation: You have sharp toenails. [potion of
                  | mutation]
 76961 | Zot:5    | Gained mutation: You are resistant to electric shocks.
                  | (rElec) [potion of mutation]
 76961 | Zot:5    | Lost mutation: You are weak. (Str -2) [potion of mutation]
 77693 | Zot:5    | Noticed a dread lich
 77704 | Zot:5    | Killed a dread lich
 77726 | Zot:5    | Killed a dread lich
 78078 | Zot:5    | Gained mutation: You expend magic power (3 MP) to
                  | strengthen your wands. [an orb of fire]
 78087 | Zot:5    | Killed an orb of fire
 78091 | Zot:5    | Reached skill level 10 in Spellcasting
 78124 | Zot:5    | Received a gift from Okawaru
 78124 | Zot:5    | Found the +3 pair of mountain boots {steadfast, rC+}
 78184 | Zot:5    | Noticed an orb of fire
 78187 | Zot:5    | Noticed an orb of fire
 78198 | Zot:5    | Killed an orb of fire
 78205 | Zot:5    | Killed an orb of fire
 78209 | Zot:5    | Noticed a dread lich
 78209 | Zot:5    | Noticed an orb of fire
 78222 | Zot:5    | Killed a dread lich
 78236 | Zot:5    | Killed an orb of fire
 78440 | Zot:5    | Killed an orb of fire
 78679 | Zot:5    | Noticed an ancient lich
 78685 | Zot:5    | Killed an ancient lich
 78866 | Zot:5    | Got the Orb of Zot
 78891 | Zot:5    | Gained mutation: You sometimes lose the ability to read
                  | scrolls when taking damage. [a cacodemon]
 78894 | Zot:5    | Gained mutation: You are occasionally teleported next to
                  | monsters. [a cacodemon]
 79275 | D:7      | Noticed Ytemn the pandemonium lord
 79294 | D:7      | Killed Ytemn the pandemonium lord
 79469 | D:4      | Received a gift from Okawaru
 79500 | D:4      | Noticed Unoc the pandemonium lord
 79765 | D:1      | Noticed an ancient lich
 79778 | D:1      | Killed an ancient lich
 79779 | D:1      | Noticed Ocrug the pandemonium lord
 79801 | D:1      | Killed Ocrug the pandemonium lord
 79921 | D:$      | Escaped with the Orb!

Illustrated notes

Levels and vault maps discovered:
D:1:      dpeg_arrival_round_c, layout_loops_ring, serial_shops, shop, shop,
          nicolae_shop_crystal, nicolae_shop_trees
D:2:      layout_loops_corners, basic_altar
D:3:      layout_loops_ring
D:4:      layout_basic, nicolae_ashenzari_panopticon,
          gammafunk_temple_overflow_claw, gammafunk_ghost_abyssal_escape,
          serial_shops, shop, chequers_serial_rivers_room_a, dk_vineyard_2
D:5:      layout_cave_pools, lightli_sewer_entry_pipes,
          eino_small_chamber_without_monster
D:6:      dreamdust_elfheim, layout_cave_pools, minmay_misc_feat_secret_circle
D:7:      layout_basic, minmay_temple_entry_junction, serial_undead,
          serial_undead_f, serial_undead_d, serial_undead_a, serial_undead_f,
          serial_undead_a, serial_undead_c, serial_undead_a, serial_undead_e,
          serial_undead_a, serial_undead_d, gammafunk_ghost_necromancy,
          st_stairs_3
D:8:      nzn_winding_woodlands_medium [nzn_winding_woodlands_5x5_perimeter,
          nzn_winding_woodlands_5x15_eye, nzn_winding_woodlands_5x5_open_star,
          nzn_winding_woodlands_5x5_three,
          nzn_winding_woodlands_center_pierced_h,
          nzn_winding_woodlands_5x5_checkerboard,
          nzn_winding_woodlands_5x5_closed_star,
          nzn_winding_woodlands_5x15_concentric,
          nzn_winding_woodlands_hourglass], layout_cave_pods, serial_shops,
          nicolae_shop_statue_plus, kennysheep_pointless_box,
          lightli_orcish_oven
D:9:      layout_long_grid, xom_redecorated, hellmonk_lair_entry_icy,
          uniq_maurice
D:10:     layout_cave_pools, serial_column_ruins, column_ruins_hut_pillars,
          column_ruins_open_tiny, column_ruins_corridor_corner,
          column_ruins_grid_2, column_ruins_open_small, minmay_misc_feat_square,
          kennysheep_nub, minmay_lizard_king
D:11:     layout_cave_pools, uniq_josephine, uniq_erica
D:12:     layout_grid_maze, minmay_orc_entry_guard_dogs, serial_shops,
          bzr_entry_dummy, trog_butcher_becter, uniq_sonja
D:13:     layout_loops_ring, minivault_13
D:14:     gammafunk_sealed_library, layout_stronghold, erik_vaults_1,
          serial_shops, shop, nicolae_diamond_shop, kennysheep_flooded_box
D:15:     hangedman_depths_entry_try_elsewhere_first, layout_basic,
          nicolae_qazlal_style_of_elements, minivault_16
Temple:   hellmonk_temple_divided_pantheon
Lair:1:   layout_loops_ring, chequers_serial_rivers_room_b, lemuel_old_faithful,
          uniq_urug
Lair:2:   layout_loops_ring, spider_nest_entry_a, serial_rivers,
          chequers_serial_rivers_micro_b, chequers_serial_rivers_micro_d,
          chequers_serial_rivers_room_b, chequers_serial_rivers_small_3,
          chequers_serial_rivers_micro_e, chequers_serial_rivers_micro_e,
          enter_volcano_2
Lair:3:   layout_hall_layers, minmay_shoals_entry_hut, columned_hall_lemuel,
          grunt_megastairs_5
Lair:4:   layout_regular_city, infiniplex_staircase_pool_2, grunt_megastairs_2
Lair:5:   gammafunk_lair_ancient_temple, layout_cave_pods,
          minmay_slime_entry_jelly_boxes
Shoals:1: layout_shoals, nicolae_shoals_this_corrosion, uniq_kirke
Shoals:2: layout_shoals, ebering_ghost_xom, hangedman_shoals_cup_caves
Shoals:3: layout_shoals, uniq_ilsuiw
Shoals:4: shoals_end_simple, layout_shoals, nicolae_shoals_songs
Spider:1: layout_chambers, drop_trap, uniq_jorgrun
Spider:2: layout_chambers, uniq_louise, uniq_nikola
Spider:3: layout_cave_pods, hangedman_spider_tarantella_strand,
          nicolae_spider_cling_halls, uniq_arachne
Spider:4: grunt_spider_rune_parallel
Slime:1:  layout_caves
Slime:2:  layout_caves
Slime:3:  layout_caves, cheibrodos_slime_lost_civilization_4
Slime:4:  cheibrodos_slime_lost_civilization_1, layout_caves, uniq_dissolution
Slime:5
Orc:1:    layout_caves, portal_ice_cave_entry_pillars_2, uniq_harold
Orc:2:    st_orc_town, layout_caves, uniq_snorg
Elf:1:    eino_elf_arrival_sip, layout_rooms, basic_altar,
          portal_desolation_entry_twin_temple, minivault_28, minmay_shoptagon
Elf:2:    elven_hall_of_blades_hangedman_alternative
          [nicolae_vaults_blade_armed_guards], layout_loops_corners,
          serial_shops, shop, gammafunk_ghost_cemetery,
          amcnicky_mini_rare_corridor_liquid, orc_legates
Elf:3:    nooodl_elf_gasket, layout_gridlike, gammafunk_ghost_grave,
          nicolae_fountain_basement, uniq_mara
Vaults:1: v_rooms_1, v_pattern_1, v_alt_pattern_1, ontoclasm_vaults_ring_square,
          vaults_mumra_hexcomb, vaults_room_grid, nicolae_vaults_triangles,
          nicolae_vaults_little_squares_4, v_rooms_2, vaults_dpeg_spiral,
          dpeg_vaults_hating_casters, vaults_dpeg_cross, v_misc_33,
          nicolae_vaults_little_squares_6, ontoclasm_vaults_decontamination,
          layout_vaults_big_cross, serial_shops, shop
Vaults:2: v_misc_4, vaults_room_fancy_cross, nicolae_vaults_network_barrier,
          v_misc_3, v_alt_pattern_3, nicolae_vaults_statue_guard,
          vaults_room_corners, layout_vaults_quadrants, uniq_sojobo
Vaults:3: nicolae_vaults_little_squares_3, nicolae_vaults_network_quinsquares
          [nicolae_vaults_network_quincunx_subvault,
          nicolae_vaults_network_quincunx_subvault,
          nicolae_vaults_network_quincunx_subvault,
          nicolae_vaults_network_quincunx_subvault],
          nicolae_vaults_little_squares_5, st_spiral_rooms,
          ontoclasm_vaults_ring_square, grunt_vaults_hallway_long,
          vaults_room_octagon, vaults_mumra_minichess_inversion,
          nicolae_vaults_yaktaur_gun_rack, hangedman_vaults_stretched_pinwheel,
          vaults_room_large_hall, vaults_mumra_hex, hangedman_vaults_cutoff,
          nicolae_vaults_theta, layout_vaults_omnibox, dummy_crypt_entry
Vaults:4: hangedman_vaults_locks, v_misc_27, ontoclasm_vaults_twist, v_misc_18,
          v_pattern_3, nicolae_vaults_three_branches, dpeg_vaults_monster_row,
          nicolae_vaults_angled_halls, layout_vaults_big_room, serial_shops,
          nicolae_shop_hallway_plus
Vaults:5: serial_shops
Crypt:1:  layout_rooms, grunt_ministairs_2, minmay_guarded_unrand_zonguldrok
Crypt:2:  layout_chaotic_city, grunt_megastairs_3, uniq_margery
Crypt:3:  due_elkab, layout_chaotic_city, hangedman_crypt_dual_shrines
Depths:1: layout_twisted_cross, hellmouth_3, enter_trove_0, serial_shops,
          shop_statue, shop, kennysheep_little_box, elyvilon_altar_5,
          nicolae_island_escapes, serial_bayou_shore_a
Depths:2: hangedman_screamer, layout_basic, enter_ziggurat_c,
          abyss_entry_small_statue_room, hell_entry, minmay_misc_feat_cross,
          rand_demon_pan_entry_9, onia_ninara_cookie,
          minmay_staircase_windowed_small
Depths:3: dreamdust_tengu_aerie, layout_gridville, hell_entry,
          minmay_room_of_horrors, grunt_pan_entry_in_and_out,
          minmay_swirly_circle
Depths:4: grunt_zot_entry_pinwheel, layout_basic, good_gods_temple_1, pan_entry,
          hangedman_coc_ice_floe, hangedman_abyss_or_decor_clamps
Zot:1:    layout_onion_interference, grunt_megastairs_1, uniq_vv,
          uniq_josephina, uniq_parghit
Zot:2:    layout_gridlike
Zot:3:    gammafunk_its_a_trap, layout_cathedral_of_symmetry
Zot:4:    infiniplex_zot_generator, layout_misc_corridors
Zot:5:    layout_misc_corridors, bh_zot_lava_cross, grunt_ministairs_2

Skill      XL: |  1  2  3  4  5  6  7  8  9 10 11 12 13 14 15 16 17 18 19 20 21 22 23 24 25 26 27 |
---------------+----------------------------------------------------------------------------------+-----
Dodging        | 1 2 3 4 5 6 8 9 10 11 12 13 14 15 16 17 18 19 20 21 22 23 27 | 27.0
Fighting       | 4 5 6 7 8 9 11 12 13 15 16 17 18 19 20 21 22 23 24 25 26 27 | 27.0
Axes           | 3 4 5 6 8 10 12 14 17 18 19 20 21 22 23 24 25 26 27 | 27.0
Armour         | 4 5 6 7 8 9 11 12 13 15 16 17 18 19 20 21 22 23 24 25 27 | 27.0
Shields        | 4 5 6 7 8 9 11 12 13 15 16 17 18 19 20 21 22 23 24 25 27 | 27.0
Invocations    | 6 |  6.0
Spellcasting   | 13 | 13.4

Action                     |  1- 3 |  4- 6 |  7- 9 | 10-12 | 13-15 | 16-18 | 19-21 | 22-24 | 25-27 || total
---------------------------+-------+-------+-------+-------+-------+-------+-------+-------+-------++-------
  Melee: War axe           |    97 |   120 |   325 |    81 |       |       |       |       |       ||   623
         Headbutt          |     6 |    11 |    50 |    84 |   139 |   238 |   309 |   430 |   613 ||  1880
         Broad axe         |       |       |       |   267 |   563 |  1054 |  1158 |  1358 |  1885 ||  6285
         Unarmed           |       |       |       |       |       |       |       |       |     8 ||     8
 Invoke: Heroism           |       |       |       |       |     1 |     3 |     5 |     6 |    11 ||    26
         Finesse           |       |       |       |       |       |       |     1 |       |     6 ||     7
  Evoke: Wand              |       |       |       |       |       |     4 |     2 |     2 |     4 ||    12
         Condenser vane    |       |       |       |       |       |     1 |     1 |     1 |     1 ||     4
    Use: Scroll            |       |       |       |    36 |     5 |     7 |    17 |     1 |     9 ||    75
         Potion            |       |       |       |     2 |     5 |     2 |    12 |     4 |    49 ||    74
   Stab: Invisible         |       |       |       |       |     7 |    33 |    10 |     1 |     3 ||    54
         Petrified         |       |       |       |       |     3 |       |       |       |       ||     3
         Petrifying        |       |       |       |       |     1 |       |       |       |       ||     1
 Armour: Scale mail        |    47 |    55 |   187 |    42 |       |       |       |       |       ||   331
         Chain mail        |       |       |       |   131 |   239 |    21 |       |       |       ||   391
         Crystal plate arm |       |       |       |       |       |   727 |   372 |   378 |   440 ||  1917
  Dodge: Dodged            |    39 |    61 |   182 |   213 |   205 |   509 |   268 |   327 |   472 ||  2276
  Block: Buckler           |    22 |    39 |   108 |   130 |   181 |   499 |       |       |       ||   979
         Kite shield       |       |       |       |       |       |    20 |   731 |   810 |  1107 ||  2668
         Reflection        |       |       |       |       |       |       |       |       |    27 ||    27
         Other             |       |       |       |       |       |       |       |       |     2 ||     2

Table legend: (Time is in decaauts)
 A = Elapsed time spent in this place.
 B = Non-inter-level travel time spent in this place.
 C = Inter-level travel time spent in this place.
 D = Time resting spent in this place.
 E = Time spent auto-exploring this place.
 F = Levels seen in this place.
 G = Mean time per level.
                   A        B        C        D        E       F      G
               +--------+--------+--------+--------+--------+-----+--------+
         Total |  77387 |  71822 |   5565 |   5276 |  53040 |  78 |  992.1 |
       Dungeon |  16068 |  13374 |   2694 |    630 |  10082 |  15 | 1071.2 |
        Temple |     38 |     38 |      0 |      0 |      0 |   1 |   38.0 |
          Lair |   4753 |   4193 |    560 |     17 |   3415 |   5 |  950.6 |
        Shoals |   3861 |   3696 |    165 |     92 |   2601 |   4 |  965.2 |
   Spider Nest |   4580 |   4395 |    185 |      0 |   3710 |   4 | 1145.0 |
    Slime Pits |   1103 |   1103 |      0 |    644 |     21 |   5 |  220.6 |
  Orcish Mines |   1307 |   1205 |    102 |      0 |    881 |   2 |  653.5 |
   Elven Halls |   4091 |   3889 |    202 |    185 |   2644 |   3 | 1363.7 |
        Vaults |  11113 |  10520 |    593 |   1077 |   8223 |   5 | 2222.6 |
         Crypt |   5795 |   5641 |    154 |    211 |   4700 |   3 | 1931.7 |
        Depths |   9338 |   8789 |    549 |    139 |   7711 |   4 | 2334.5 |
           Zot |   8826 |   8468 |    358 |    779 |   6379 |   5 | 1765.2 |
         Abyss |   2258 |   2258 |      0 |    235 |   1204 |   4 |  564.5 |
      Ziggurat |   1854 |   1854 |      0 |   1056 |    358 |  12 |  154.5 |
        Bazaar |     21 |     21 |      0 |      0 |      0 |   1 |   21.0 |
         Trove |     25 |     25 |      0 |      0 |      0 |   1 |   25.0 |
         Sewer |    655 |    655 |      0 |      0 |    425 |   1 |  655.0 |
      Ice Cave |    597 |    597 |      0 |    209 |    151 |   1 |  597.0 |
       Volcano |    320 |    320 |      0 |      0 |     92 |   1 |  320.0 |
    Desolation |    776 |    776 |      0 |      0 |    441 |   1 |  776.0 |
               +--------+--------+--------+--------+--------+-----+--------+

Top non-repeatable levels by time:
Vaults:4: 3770 daAuts
 Crypt:3: 3549 daAuts
Depths:3: 3242 daAuts
Depths:2: 2273 daAuts
Vaults:5: 2242 daAuts
Vaults:3: 2219 daAuts
Depths:4: 2135 daAuts
   Zot:3: 2104 daAuts
   Zot:5: 2097 daAuts
   Elf:3: 1998 daAuts
   Zot:4: 1969 daAuts
Depths:1: 1687 daAuts
Vaults:1: 1607 daAuts
 Crypt:2: 1528 daAuts
     D:6: 1452 daAuts
